 Dungeon Crawl Stone Soup version 0.19-a0-1091-g463c9de (webtiles) character file.

1135 Jmtri7 the Basher (level 8, 0/78 HPs)
             Began as an Ogre Monk on Aug 8, 2016.
             Was a Believer of Makhleb.
             Slain by a giant frog (1 damage)
             ... on level 6 of the Dungeon.
             The game lasted 00:11:26 (4853 turns).

Jmtri7 the Basher (Ogre Monk)                       Turns: 4853, Time: 00:11:26

Health: 0/78       AC:  5    Str: 19    XL:     8   Next: 36%
Magic:  8/8        EV: 10    Int:  9    God:    Makhleb [**....]
Gold:   244        SH:  0    Dex: 12    Spells: 0 memorised, 7 levels left

rFire  . . .     SeeInvis .     a - +0 giant club
rCold  . . .     Gourm    .     t - +0 robe
rNeg   . . .     Faith    .     (shield currently unavailable)
rPois  .         Spirit   .     (helmet restricted)
rElec  .         Dismiss  .     F - +1 cloak
rCorr  .         Reflect  .     (gloves unavailable)
SustAt .         Harm     .     (boots unavailable)
MR     .....                    (no amulet)
Stlth  ..........               (no ring)
                                n - ring of loudness (curse)

@: lethally poisoned (0 -> -8)
A: unfitting armour, tough skin 1
a: Minor Destruction, Renounce Religion


You were on level 6 of the Dungeon.
You worshipped Makhleb.
Makhleb was pleased with you.
You were not hungry.

You visited 2 branches of the dungeon, and saw 7 of its levels.

You collected 244 gold pieces.

Inventory:

Hand Weapons
 a - a +0 giant club (weapon)
 f - a +0 mace
 v - a +2 whip of venom
 w - a +3 whip of electrocution
Armour
 t - a +0 robe (worn)
 F - a +1 cloak (worn)
Jewellery
 n - a cursed ring of loudness (left hand)
Wands
 o - a wand of polymorph (4/24)
Scrolls
 e - 3 scrolls of identify
 g - 2 scrolls of remove curse {unknown}
 l - 4 scrolls of fear
 m - 2 scrolls of recharging
Potions
 d - a potion of resistance {unknown}
 h - 2 potions of brilliance
 i - a potion of curing {unknown}
 j - 2 potions of haste {unknown}
 k - 4 potions of agility {unknown}
 q - 2 potions of heal wounds {unknown}
 r - a potion of degeneration {unknown}
 u - a potion of cure mutation {unknown}
 B - 2 potions of might {unknown}
Comestibles
 b - 2 beef jerkies
 c - 2 bread rations
 p - a chunk of flesh
 s - 3 fruits
 A - a slice of pizza
 C - a meat ration


   Skills:
 - Level 4.0 Fighting
 + Level 12.7 Maces & Flails
 - Level 2.6 Dodging
 - Level 1.5 Stealth


You had 7 spell levels left.
You didn't know any spells.

Dungeon Overview and Level Annotations

Branches:
Dungeon (6/15)             Temple (1/1) D:5

Altars:
Cheibriados
Fedhas
Hepliaklqana
Makhleb
Nemelex Xobeh
Pakellas
Qazlal
Ru
Sif Muna
Trog
Uskayaw
Vehumet
Xom
Yredelemnul
Zin


Innate Abilities, Weirdness & Mutations

You are too large for most types of armour.
You have tough skin. (AC +1)


Message History

You kill the hound!
Makhleb accepts your kill.
* * * LOW HITPOINT WARNING * * *
You feel sick. The giant frog barely misses you.
You bludgeon the giant frog!!
The giant frog is almost dead.
* * * LOW HITPOINT WARNING * * *
You feel sick. The giant frog hits you.
* * * LOW HITPOINT WARNING * * *
You closely miss the giant frog.
The giant frog is almost dead.
* * * LOW HITPOINT WARNING * * *
You feel sick.
The giant frog hits you but does no damage.
The giant frog barely misses you.
You closely miss the giant frog.
The giant frog is almost dead.
* * * LOW HITPOINT WARNING * * *
You feel sick. The giant frog hits you.
You die...

#.#.....#.#
⌠⌠⌠....##.......##
....... ####.....#
.......##.......##
.......#.#.....#.#
....)..#..#...#..#
.......#...#.#...#
......F#.....#####
......†@####.#
........# #..#
........# ..%#
........# ..#
######### ###


You could see a giant frog.

Vanquished Creatures
  Eustachio (D:4)
  An ogre (D:5)
  A centaur (D:5)
  2 giant frogs
  A scorpion (D:4)
  A crimson imp (D:5)
  A quasit (D:5)
  A centaur zombie (D:5)
  A gnoll shaman (D:5)
  Crazy Yiuf (D:4)
  An orc wizard (D:4)
  4 orc priests
  2 hounds
  A worker ant (D:6)
  A hound zombie (D:5)
  8 gnolls
  6 adders
  4 oozes
  5 worms
  A dart slug (D:1)
  2 giant geckos
  25 orcs
  5 bats
  4 giant cockroaches
  2 gnoll zombies (D:3)
  4 goblins
  6 hobgoblins
  4 jackals (D:6)
  3 kobolds
  3 quokkas
  A giant gecko skeleton (D:4)
  2 giant newts
  A quokka skeleton (D:6)
  3 rats
109 creatures vanquished.

Notes
Turn   | Place    | Note
-------+----------+-------------------------------------------
     0 | D:1      | Jmtri7 the Ogre Monk began the quest for the Orb.
     0 | D:1      | Reached XP level 1. HP: 24/24 MP: 1/1
   113 | D:1      | Reached XP level 2. HP: 25/32 MP: 2/2
   445 | D:2      | Reached skill level 5 in Maces & Flails
   593 | D:2      | Reached XP level 3. HP: 37/39 MP: 3/3
   594 | D:2      | Found a sparkling altar of Nemelex Xobeh.
   981 | D:3      | Reached skill level 6 in Maces & Flails
  1020 | D:3      | Reached XP level 4. HP: 24/48 MP: 4/4
  1587 | D:3      | Reached skill level 7 in Maces & Flails
  1918 | D:3      | Reached XP level 5. HP: 48/54 MP: 5/5
  2496 | D:3      | Found a basalt altar of Yredelemnul.
  2618 | D:4      | Reached skill level 8 in Maces & Flails
  2689 | D:4      | Noticed Eustachio
  2701 | D:4      | Killed Eustachio
  2701 | D:4      | Reached skill level 9 in Maces & Flails
  2701 | D:4      | Reached XP level 6. HP: 51/62 MP: 6/6
  2836 | D:4      | Found an oddly glowing altar of Pakellas.
  3101 | D:4      | Reached XP level 7. HP: 65/70 MP: 7/7
  3144 | D:4      | Reached skill level 10 in Maces & Flails
  3350 | D:4      | Found a runed door.
  3575 | D:4      | Noticed Crazy Yiuf
  3580 | D:4      | Killed Crazy Yiuf
  3639 | D:5      | Entered Level 5 of the Dungeon
  3727 | D:5      | Reached skill level 11 in Maces & Flails
  4053 | D:5      | Reached XP level 8. HP: 45/78 MP: 8/8
  4169 | D:5      | Found a staircase to the Ecumenical Temple.
  4175 | Temple   | Entered the Ecumenical Temple
  4208 | Temple   | Became a worshipper of Makhleb the Destroyer
  4208 | Temple   | Reached * piety under Makhleb
  4208 | Temple   | Reached ** piety under Makhleb
  4286 | D:5      | Reached skill level 12 in Maces & Flails
  4851 | D:6      | HP: 3/78 [giant frog (1)]
  4853 | D:6      | HP: 1/78 [poisoned by a worker ant]
  4853 | D:6      | Slain by a giant frog

Vault maps used:
D:1:      lightli_arrival_chessboard
D:2:      first_bread, nemelex_dance_club_becter
D:3:      lemuel_zombie_altar_yredelemnul
D:4:      grunt_pakellas_mercury, uniq_eustachio, uniq_crazy_yiuf_cottage
D:6:      gup_sewer_entry_glass, serial_shops, kennysheep_mini_moat,
          hangedman_decor_diamond_cutter, hangedman_minor_gate_pass
Temple:   regret_index_temple_sigil_plot

Skill      XL: |  1  2  3  4  5  6  7  8 |
---------------+-------------------------+-----
Maces & Flails | 5 6 7 9 11 12 | 12.7
Fighting       | |  4.0
Dodging        | |  2.6
Stealth        | |  1.5

Action                   |  1- 3 |  4- 6 |  7- 9 || total
-------------------------+-------+-------+-------++-------
Melee: Mace              |    97 |    51 |       ||   148
       Whip              |       |   112 |    25 ||   137
       Giant club        |       |       |   139 ||   139
  Use: Scroll            |       |       |    10 ||    10
 Stab: Sleeping          |     1 |       |       ||     1
  Eat: Chunk             |       |     7 |     6 ||    13
Armor: Robe              |    41 |    29 |    67 ||   137
Dodge: Dodged            |    70 |    60 |   103 ||   233
